cohdb
Replays
Latest Replays
All Replays
Popular Replays
Top Player Replays
Match Explorer
How It Works
Community
CoH3 Stats
Reddit
Sign in to upload your games and track your stats! →
Sign in with Steam
Match 44633138
Unlisted
Match 44633138
Overview
Messages
Build Orders
End
Kradschützen Motorcycle Team
250 Light Carrier
Selects Italian Infantry
Panzergrenadier Squad
Panzergrenadier Squad
Selects Defensive Operations
Kradschützen Motorcycle Team
Panzerpioneer Squad
Construct Light Support Kompanie
Fire Support Elements
Kradschützen Motorcycle Team
Selects Guastatori Squad
Assault Mechanized Group
DEHIM
xX_Lingling4411_Xx
DibbeTC
Mad Mac
0
0
Comments
sign in to comment!
No comments posted yet!